 Dungeon Crawl Stone Soup version 0.29.1-15-g9cfb28693d (webtiles) character file.

Game seed: 17458048916806415196

368 Peloso the Covered (level 6, -6/55 HPs)
             Began as a Minotaur Fighter on Feb 25, 2023.
             Killed by divine providence
             ... invoked by an orc priest
              (13 damage)
             ... on level 3 of the Dungeon.
             The game lasted 00:04:00 (2366 turns).

Peloso the Covered (Minotaur Fighter)               Turns: 2366, Time: 00:04:00

Health: -6/55      AC:  7    Str: 21    XL:     6   Next: 41%
Magic:  5/5        EV: 10    Int:  5    God:
Gold:   149        SH:  5    Dex: 11    Spells: 5/5 levels left

rFire   . . .      SeeInvis .   a - +0 long sword
rCold   . . .      Faith    .   c - +0 buckler
rNeg    . . .      Spirit   .   b - +0 scale mail
rPois   .          Reflect  .   (helmet restricted)
rElec   .          Harm     .   (no cloak)
rCorr   .          Rampage  .   (no gloves)
Will    .....                   (no boots)
Stlth   ..........              (no amulet)
HPRegen 0.18/turn               (no ring)
MPRegen 0.09/turn               (no ring)

@: no status effects
A: horns 2, retaliatory headbutt
a: no special abilities


You were on level 3 of the Dungeon.
You visited 1 branch of the dungeon, and saw 3 of its levels.

You collected 149 gold pieces.

Inventory:

Hand Weapons
 a - a +0 long sword (weapon)
Armour
 b - a +0 scale mail (worn)
 c - a +0 buckler (worn)
Jewellery
 f - a ring of willpower
 h - a ring of protection from fire
 k - a ring of positive energy
 n - a ring of ice
Wands
 e - a wand of digging (5)
Scrolls
 g - a scroll of enchant armour
 i - 4 scrolls of identify
 o - a scroll of amnesia
 p - a scroll of butterflies {unknown}
Potions
 d - a potion of might
 j - a potion of flight
 l - a potion of haste
 m - a potion of curing


   Skills:
 + Level 4.8 Fighting
 + Level 5.1 Long Blades
 + Level 5.4 Armour
 + Level 2.0 Dodging
 + Level 0.1 Stealth
 + Level 4.5 Shields


You had 5 spell levels left.
You didn't know any spells.
Your spell library was empty.

Dungeon Overview and Level Annotations

Branches:
Dungeon (3/15)

Altars:

Shops:
D:2 :


Innate Abilities, Weirdness & Mutations

You have a pair of horns on your head.
You reflexively headbutt those who attack you in melee.


Message History

The orc priest misses you. The orc priest completely misses you.
An orc comes into view. It is wielding a +0 hand axe.
You barely miss the orc priest.
The orc priest looks encouraged for a moment.
You hit the orc priest.
The orc priest is lightly wounded.
The orc priest hits you but does no damage.
You closely miss the orc priest. Your headbutt misses the orc priest.
The orc priest is lightly wounded.
The orc priest barely misses you.
You slash the orc priest! You headbutt the orc priest.
You kill the orc priest!
You hit the orc priest.
The orc priest is lightly wounded.
The orc priest hits you but does no damage.
You closely miss the orc priest.
The orc priest is lightly wounded.
You block the orc priest's attack.
You hit the orc. You headbutt the orc, but do no damage.
The orc is almost dead.
The orc hits you with a +0 hand axe.
* * * LOW HITPOINT WARNING * * *
You block the orc priest's attack.
You hit the orc.
You kill the orc!
The orc priest mumbles some strange prayers to Beogh against you.
Beogh smites you!
* * * LOW HITPOINT WARNING * * *
The orc priest barely misses you. You furiously retaliate!
You headbutt the orc priest.
Items here: ))) [ †.
Unknown command.
You hit the orc priest but do no damage.
The orc priest is moderately wounded.
The orc priest hits you but does no damage.
You barely miss the orc priest.
The orc priest is moderately wounded.
The orc priest invokes the aid of Beogh against you.
Beogh smites you!
You die...

### ##. ... #.. #.#
.. ... .. #.# #.
#.# ##### #. ##@##
....# #.##o..###.#
###.# #..........#
#)# ##.#..!#####
#.# #.##.##
###.#########.##.#
..............##..
###......###..##.##
#..............#


You could see an orc priest.

Vanquished Creatures
  Sigmund (D:2)
  A hound (D:2)
  2 orc priests (D:3)
  An orc wizard (D:3)
  3 adders
  6 orcs (D:3)
  6 bats
  4 endoplasms
  A giant cockroach (D:1)
  3 goblins
  6 hobgoblins
  6 jackals
  A quokka (D:3)
  7 ball pythons
  3 frilled lizards (D:1)
  4 kobolds
  7 rats
62 creatures vanquished.

Notes
Turn   | Place    | Note
-------+----------+-------------------------------------------
     0 | D:1      | Peloso the Minotaur Fighter began the quest for the Orb.
     0 | D:1      | Reached XP level 1. HP: 19/19 MP: 0/0
   445 | D:1      | Reached XP level 2. HP: 27/27 MP: 1/1
   571 | D:1      | Found a faded altar of an unknown god.
  1235 | D:2      | Found Afookk's Book Emporium.
  1243 | D:2      | Noticed Sigmund
  1254 | D:2      | Killed Sigmund
  1255 | D:2      | Reached skill level 5 in Armour
  1255 | D:2      | Reached XP level 3. HP: 28/34 MP: 2/2
  1255 | D:2      | Reached XP level 4. HP: 34/41 MP: 3/3
  1255 | D:2      | Reached XP level 5. HP: 39/47 MP: 4/4
  1320 | D:2      | Reached skill level 1 in Dodging
  2123 | D:3      | Reached XP level 6. HP: 43/53 MP: 5/5
  2133 | D:3      | Reached skill level 5 in Long Blades
  2366 | D:3      | Killed from afar by an orc priest

Illustrated notes

Levels and vault maps discovered:
D:1:      dpeg_arrival_boxorama, layout_basic,
          hellmonk_ecumenical_altar_leap_of_faith
D:2:      layout_loops_ring, serial_shops, shop, uniq_sigmund
D:3:      layout_loops_ring, cheibrodos_gnoll_hut

Skill      XL: |  1  2  3  4  5  6 |
---------------+-------------------+-----
Armour         | 5 |  5.4
Fighting       | 4 |  4.8
Long Blades    | 4 5 |  5.1
Shields        | 4 |  4.5
Dodging        | 1 2 |  2.0
Stealth        | |  0.1

Action                   |  1- 3 |  4- 6 || total
-------------------------+-------+-------++-------
Melee: Long sword        |    57 |    93 ||   150
       Headbutt          |     6 |    13 ||    19
  Use: Scroll            |     3 |       ||     3
       Potion            |     2 |       ||     2
Armor: Scale mail        |    30 |    32 ||    62
Dodge: Dodged            |    38 |    51 ||    89
Block: Buckler           |    23 |    21 ||    44
